AoeStats
← Fredl_5.8

Nomad

510305366Analyzed
2v2 RM · 1d ago on Sep 30, 2026· 73m 43s· 4 players
Game mode
Random Map
Map size
176×176
Population
200
Speed
Normal
Resources
Standard
Victory
Conquest
Starting age
Dark Age
Ending age
Imperial Age
RankedLock teamsTeams togetherTeam positionsShared explorationLock speedFull tech treeHidden civsTurbo modeCheats
Victory
Defeat
🇵🇹 Italians · Portugal
762
+15
🇩🇪 Persians · Germany
676
+17
🇨🇳 Huns · China
726
-16
🇨🇳 Teutons · China
726
-16
Fredl_5.8
3:53 Loom
15:08 Feudal Age
15:32 Double-Bit Axe
22:40 Castle Age
23:53 Bow Saw
25:12 Horse Collar
29:02 Stone Mining
35:28 Imperial Age
33:36 Kamandaran
33:19 Crossbowman
34:29 Thumb Ring
35:47 Squires
37:09 Heavy Plow
38:13 Two-Man Saw
38:46 Elite War Elephant
41:49 Caravan
43:27 Heated Shot
43:53 Scale Barding Armor
49:55 Chain Barding Armor
49:26 Fletching
49:49 Forging
Conde Montanelas
9:09 Loom
15:25 Feudal Age
17:44 Double-Bit Axe
19:24 Wheelbarrow
20:20 Man-at-Arms
22:27 Horse Collar
29:55 Castle Age
29:41 Arson
31:13 Hand Cart
31:11 Bow Saw
31:04 Heavy Plow
31:23 Stone Mining
31:23 Gold Mining
32:43 Medium Warships
37:16 Silk Road
37:41 Stone Shaft Mining
39:30 Fishing Lines
40:34 Pikeman
41:14 Squires
43:25 Murder Holes
43:40 Masonry
43:52 Ballistics
43:56 Fortified Wall
43:45 Long Swordsman
44:50 Husbandry
45:00 Bloodlines
44:10 Light Cavalry
46:23 Clinker Construction
46:20 Siphons
50:39 Imperial Age
51:13 Scale Barding Armor
51:19 Forging
51:11 Padded Archer Armor
51:01 Fletching
51:12 Scale Mail Armor
51:04 Elite Genoese Crossbowman
52:19 Hoardings
52:12 Pirotechnia
53:17 Architecture
53:26 Cavalier
55:34 Bodkin Arrow
55:55 Leather Archer Armor
56:40 Elite Skirmisher
61:17 Hussar
62:01 Two-Handed Swordsman
64:30 Champion
67:14 Thumb Ring
66:30 Crossbowman
72:42 Town Watch
73:23 Conscription
72:27 Arbalester
hallvk
3:24 Loom
18:00 Feudal Age
19:25 Wheelbarrow
18:39 Double-Bit Axe
18:39 Horse Collar
20:32 Gold Mining
24:21 Town Watch
27:38 Castle Age
26:17 Stone Mining
28:11 Forging
29:17 Bow Saw
29:10 Heavy Plow
32:36 Hand Cart
32:23 Town Patrol
33:10 Bloodlines
34:28 Pikeman
35:08 Squires
34:54 Gambesons
38:28 Stone Shaft Mining
44:49 Imperial Age
43:51 Ironclad
43:45 Masonry
45:17 Arrowslits
45:42 Siege Engineers
46:02 Crenellations
47:04 Hoardings
53:33 Heavy Scorpion
64:49 Scale Barding Armor
64:46 Scale Mail Armor
65:21 Iron Casting
65:15 Cavalier
68:13 Paladin
Wind
5:54 Loom
13:49 Feudal Age
15:20 Wheelbarrow
14:33 Double-Bit Axe
15:40 Fishing Lines
17:06 Gold Mining
17:02 Horse Collar
22:32 Castle Age
22:46 Forging
22:42 Scale Barding Armor
22:28 Fletching
22:38 Padded Archer Armor
23:01 Bloodlines
24:09 Hand Cart
24:33 Gold Shaft Mining
24:15 Bow Saw
24:13 Heavy Plow
24:34 Stone Mining
25:35 Husbandry
26:11 Gillnets
27:59 Thumb Ring
32:26 Medium Warships
31:36 Demolition Ship
33:16 Caravan
34:07 Iron Casting
33:52 Chain Barding Armor
38:25 Imperial Age
35:56 Bodkin Arrow
36:16 Leather Archer Armor
36:56 Scale Mail Armor
37:57 Town Watch
40:21 Blast Furnace
39:57 Plate Barding Armor
39:22 Bracer
38:45 Heavy Cavalry Archer
39:51 Parthian Tactics
39:07 Demolition Ship
40:57 Chain Mail Armor
40:09 Cavalier
42:32 Ballistics
43:12 Chemistry
42:24 Masonry
42:26 Town Patrol
44:16 Squires
44:01 Arson
44:13 Paladin
44:57 Demolition Ship
50:48 Atheism
50:49 Conscription
53:16 Sappers
53:31 Heavy Demolition Ship
55:56 Heavy Warships
64:46 Light Cavalry
66:03 Hussar
68:48 Elite Tarkan
Connection lost

Rejoining the realm…

Still unreachable

The connection could not be restored.

Session expired

The server has moved on; the page needs a fresh start.